AoeStats
← BigOleChunguss

Fortress

509980910Analyzed
4v4 RM · 2d ago on Sep 28, 2026· 30m 49s· 8 players
Game mode
Random Map
Map size
Huge
Population
200
Speed
Normal
Resources
Standard
Victory
Conquest
Starting age
Dark Age
Ending age
Imperial Age
RankedLock teamsTeams togetherTeam positionsShared explorationLock speedFull tech treeHidden civsTurbo modeCheats
Victory
Defeat
🇨🇦 Cumans · Canada
1171
+14
🇨🇴 Italians · Colombia
1163
+14
🇨🇴 Danes · Colombia
1126
+16
🇦🇷 Persians · Argentina
1107
+17
🇺🇸 Persians · United States
1192
-18
🇦🇷 Mongols · Argentina
1188
-18
🇺🇸 Bengalis · United States
1095
-14
🇦🇷 Vietnamese · Argentina
1017
-11
LucasViola27
4:53 Loom
7:05 Feudal Age
8:29 Double-Bit Axe
8:28 Horse Collar
13:10 Castle Age
11:48 Wheelbarrow
11:42 Scale Barding Armor
14:09 Bow Saw
14:28 Husbandry
14:39 Bloodlines
14:47 Heavy Plow
24:12 Imperial Age
21:29 Loom
22:50 Chain Barding Armor
24:02 Forging
23:55 Cavalier
26:54 Plate Barding Armor
27:25 Hand Cart
28:44 Iron Casting
29:36 Two-Man Saw
30:35 Blast Furnace
30:31 Savar
christianperalta141
6:39 Feudal Age
8:18 Wheelbarrow
7:47 Double-Bit Axe
11:34 Castle Age
9:30 Horse Collar
10:54 Fletching
11:30 Padded Archer Armor
13:01 Heavy Plow
14:07 Bow Saw
15:08 Wheelbarrow
15:47 Gold Mining
20:23 Imperial Age
18:11 Gold Mining
19:29 Stone Mining
30:57 Bodkin Arrow
Caballero Cruzado
7:48 Feudal Age
12:02 Castle Age
10:00 Double-Bit Axe
11:38 Wheelbarrow
11:02 Horse Collar
12:10 Scale Mail Armor
12:21 Forging
13:13 Bow Saw
13:06 Gold Mining
14:33 Arson
19:21 Chain Mail Armor
20:15 Gold Shaft Mining
21:16 Squires
21:56 Iron Casting
23:51 Hand Cart
27:55 Imperial Age
26:08 Hamask
29:51 Conscription
30:05 Plate Mail Armor
30:35 Blast Furnace
30:14 Elite Jomsviking
unclesam613
4:07 Loom
6:40 Feudal Age
7:18 Double-Bit Axe
7:51 Horse Collar
17:13 Castle Age
16:25 Wheelbarrow
16:23 Gold Mining
18:19 Bow Saw
18:25 Scale Barding Armor
18:31 Forging
18:45 Heavy Plow
19:29 Bloodlines
19:50 Hand Cart
20:26 Gold Shaft Mining
21:07 Chain Barding Armor
24:05 Capped Ram
26:33 Iron Casting
27:32 Light Cavalry
PeppyIsland31
8:00 Feudal Age
9:15 Double-Bit Axe
12:07 Castle Age
9:58 Horse Collar
13:00 Bow Saw
12:55 Heavy Plow
19:10 Loom
20:01 Wheelbarrow
21:54 Hand Cart
23:32 Gold Mining
24:54 Scale Barding Armor
27:24 Imperial Age
26:17 Chain Barding Armor
26:08 Forging
26:12 Bloodlines
26:03 Husbandry
26:51 Town Watch
27:38 Cavalier
Zato
7:28 Feudal Age
11:43 Castle Age
9:34 Double-Bit Axe
10:38 Loom
10:39 Horse Collar
12:41 Bow Saw
12:33 Heavy Plow
19:47 Wheelbarrow
19:22 Fletching
19:33 Padded Archer Armor
19:46 Town Watch
19:59 Bodkin Arrow
21:37 Leather Archer Armor
25:00 Bloodlines
24:50 Husbandry
25:09 Stone Mining
25:10 Gold Mining
25:47 Ballistics
25:41 Thumb Ring
26:51 Hand Cart
26:38 Town Patrol
32:50 Imperial Age
BigOleChunguss
0:41 Loom
7:31 Feudal Age
11:36 Castle Age
10:34 Double-Bit Axe
16:14 Loom
17:06 Wheelbarrow
17:26 Fletching
18:07 Bodkin Arrow
18:48 Padded Archer Armor
19:19 Horse Collar
19:53 Bow Saw
22:32 Hand Cart
26:39 Imperial Age
Corvus Alis
6:47 Feudal Age
7:30 Horse Collar
7:36 Double-Bit Axe
12:48 Castle Age
14:59 Bow Saw
17:31 Wheelbarrow
19:29 Hand Cart
20:03 Elite Skirmisher
21:41 Thumb Ring
24:50 Fletching
25:00 Padded Archer Armor
Connection lost

Rejoining the realm…

Still unreachable

The connection could not be restored.

Session expired

The server has moved on; the page needs a fresh start.